 Dungeon Crawl Stone Soup version 0.17.1-3-g152610e (webtiles) character file.

38 Gargoyl the Skirmisher (level 3, -1/29 HPs)
             Began as a Demonspawn Abyssal Knight on Mar 17, 2016.
             Was a Follower of Lugonu.
             Slain by a gnoll
             ... wielding a +0 whip
              (4 damage)
             ... on level 3 of the Dungeon.
             The game lasted 00:02:53 (1785 turns).

Gargoyl the Skirmisher (Demonspawn Abyssal Knight)  Turns: 1785, Time: 00:02:53

Health: -1/29      AC:  8    Str: 13    XL:     3   Next: 25%
Magic:  4/4        EV:  8    Int: 13    God:    Lugonu [*.....]
Gold:   45         SH:  0    Dex: 12    Spells: 0 memorised, 2 levels left

rFire  . . .     SeeInvis .     a - +1 hand axe
rCold  . . .     Clarity  .     l - +0 chain mail
rNeg   + . .     SustAt   .     (no shield)
rPois  .         Gourm    .     (no helmet)
rElec  .         Spirit   .     (no cloak)
rCorr  .         Warding  .     (no gloves)
rMut   .         Stasis   .     n - -1 pair of boots (curse)
MR     .....                    (no amulet)
Stlth  ..........               (no ring)
                                i - ring of positive energy

@: not resistant to hostile enchantments, extremely unstealthy
A: repulsion field 1, demonic guardian 1
a: Depart the Abyss, Renounce Religion


You were on level 3 of the Dungeon.
You worshipped Lugonu.
Lugonu was aware of your devotion.
You were very hungry.

You visited 1 branch of the dungeon, and saw 3 of its levels.
You visited the Abyss 1 time.

You collected 45 gold pieces.

Inventory:

Hand Weapons
 a - a +1 hand axe (weapon)
Armour
 l - a +0 chain mail (worn)
 n - a cursed -1 pair of boots (worn)
Jewellery
 i - a ring of positive energy (left hand)
 q - a +1 ring of evasion {unknown}
Scrolls
 b - 2 scrolls of magic mapping {unknown}
 e - 2 scrolls of noise {unknown}
 f - a scroll of fear {unknown}
 g - 3 scrolls of identify {unknown}
 m - a scroll of immolation {unknown}
 o - 2 scrolls of amnesia {unknown}
 p - a scroll of fog {unknown}
Potions
 k - a potion of heal wounds {unknown}
Comestibles
 c - a bread ration
 j - a meat ration


   Skills:
 + Level 3.6 Fighting
 + Level 2.2 Axes
 * Level 2.1 Armour
 + Level 1.1 Dodging
 + Level 2.6 Invocations


You had 2 spell levels left.
You didn't know any spells.

Dungeon Overview and Level Annotations

Branches:
Dungeon (3/15)

Altars:


Innate Abilities, Weirdness & Mutations

You are surrounded by a mild repulsion field (EV +2).
A weak demonic guardian rushes to your aid.


Message History

You are feeling very hungry.
You hit the gnoll but do no damage.
The gnoll is moderately wounded.
You closely miss the jackal.
The jackal is almost dead.
The jackal barely misses you. The gnoll hits you with a whip.
You hit the gnoll but do no damage.
The gnoll is moderately wounded.
You hit the jackal.
You kill the jackal!
Lugonu accepts your kill. The gnoll hits you but does no damage.
You hit the gnoll.
The gnoll is heavily wounded.
The gnoll hits you with a whip.
* * * LOW HITPOINT WARNING * * *
Drink which item? (? for menu, Esc to quit)
It was a potion of magic.
Magic courses through your body. The gnoll hits you with a whip.
You die...

....#
#...
#...
#..
#..
#.#
#g#
#@#
#†#
#.#
#.#
#..
###


You could see a gnoll.

Vanquished Creatures
  2 worms (D:2)
  2 bats (D:1)
  3 giant cockroaches (D:1)
  3 goblins
  3 hobgoblins
  3 jackals
  A giant newt (D:2)
  2 kobolds
  4 rats
23 creatures vanquished.

Vanquished Creatures (collateral kills)
  A gnoll (D:2)
1 creature vanquished.

Grand Total: 24 creatures vanquished

Notes
Turn   | Place    | Note
--------------------------------------------------------------
     0 | Abyss:1  | Gargoyl the Demonspawn Abyssal Knight began the quest for the Orb.
     0 | Abyss:1  | Reached XP level 1. HP: 18/18 MP: 2/2
   154 | Abyss:1  | Noticed an ancient zyme
   158 | Abyss:1  | Noticed a quasit
   159 | Abyss:1  | Noticed a tentacled starspawn
   189 | Abyss:1  | Noticed a golden eye
   191 | D:1      | Escaped the Abyss
   563 | D:1      | Reached skill level 1 in Dodging
   643 | D:1      | Gained mutation: A weak demonic guardian rushes to your aid. [demonic ancestry]
   643 | D:1      | Reached XP level 2. HP: 18/24 MP: 3/3
   678 | D:1      | Reached * piety under Lugonu
  1764 | D:2      | Gained mutation: You are surrounded by a mild repulsion field (EV +2). [demonic ancestry]
  1764 | D:2      | Reached XP level 3. HP: 29/29 MP: 4/4
  1785 | D:3      | Slain by a gnoll

Action                   || total
-------------------------++-------
Melee: Hand axe          ||   109
Invok: Depart the Abyss  ||     1
  Use: Potion            ||     2
  Eat: Chunk             ||     2
